 Dungeon Crawl Stone Soup version 0.21.1-1-g345015f (webtiles) character file.

9262 suicidejoker the Covert (level 11, -1/72 HPs)
             Began as an Octopode Assassin on Apr 17, 2018.
             Was an Initiate of Gozag.
             Slain by a seven-headed hydra (14 damage)
             ... on level 11 of the Dungeon on Apr 18, 2018.
             The game lasted 00:39:14 (12084 turns).

suicidejoker the Covert (Octopode Assassin)        Turns: 12084, Time: 00:39:15

Health: -1/72      AC: 17    Str: 16    XL:     11   Next: 43%
Magic:  18/18      EV: 12    Int: 13    God:    Gozag
Gold:   914        SH: 14    Dex: 14    Spells: 17/19 levels left

rFire    + . .     SeeInvis +   O - +4 dagger (protect)
rCold    . . .     Gourm    .   V - +2 large shield
rNeg     . . .     Faith    .   (helmet restricted)
rPois    .         Spirit   .   (no amulet)
rElec    +         Reflect  .   m - ring of protection from fire
rCorr    +         Harm     .   s - +5 ring of protection
MR       .....                  C - ring of stealth
Stlth    +++++++...             x - ring "Iruoxtep" {rElec Str+2 SInv}
HPRegen  0.22/turn              A - ring of resist corrosion
MPRegen  0.16/turn              R - +2 ring of protection
                                (no ring)
                                (no ring)

@: protection aura
A: almost no armour, stealthy swim, amphibious, 8 rings, constrict 8, antennae
1, molten scales 1, camouflage 1, gelatinous body 1
a: Potion Petition, Call Merchant, Bribe Branch, Renounce Religion


You were on level 11 of the Dungeon.
You worshipped Gozag.
Gozag was pleased with you.
You were not hungry.

You visited 1 branch of the dungeon, and saw 11 of its levels.

You collected 1654 gold pieces.
You spent 615 gold pieces at shops.
You paid 125 gold pieces to Gozag.

Inventory:

Hand Weapons
 a - a +2 dagger of draining
 b - a +0 blowgun
 e - a +3 falchion
 o - a +0 whip of freezing
 p - a +1 dagger of draining
 v - a +1 hand axe of electrocution
 w - a +2 short sword of holy wrath
 E - a +1 falchion of slicing
 O - a +4 dagger of protection (weapon)
 S - a cursed -2 mace
 T - a +4 dagger
 U - a +1 dagger of venom
 Y - a +2 vampiric short sword
Missiles
 c - 15 poisoned needles
 d - 2 curare-tipped needles
 q - 287 stones (quivered)
 r - 16 bolts
 t - 119 arrows
 u - 106 sling bullets
 y - 5 tomahawks of dispersal
 z - 3 throwing nets
 F - 10 tomahawks
Armour
 V - a +2 large shield (worn)
Jewellery
 m - a ring of protection from fire (left tentacle)
 s - a +5 ring of protection (right tentacle)
 x - the ring "Iruoxtep" (on tentacle) {rElec Str+2 SInv}
   (You took it off an orc wizard on level 8 of the Dungeon)

   [ring of see invisible]

   It affects your strength (+2).
   It insulates you from electricity.
   It lets you see invisible.
 A - a ring of resist corrosion (on tentacle)
 C - a ring of stealth (on tentacle)
 R - a +2 ring of protection (on tentacle)
Wands
 D - a wand of random effects (62)
 H - a wand of flame (75)
 M - a wand of digging (16)
 X - a wand of polymorph (11)
Scrolls
 g - 2 scrolls of identify
 i - 7 scrolls of remove curse
 j - 3 scrolls of teleportation
 G - a scroll of blinking
 I - 2 scrolls of immolation
 W - a scroll of amnesia
Potions
 h - 8 potions of degeneration
 k - 3 potions of flight
 l - 5 potions of agility
 n - 2 potions of curing
 B - a potion of haste
Books
 K - a book of Conjurations

   Spells                             Type                      Level
   a - Magic Dart                     Conjuration                  1
   b - Searing Ray                    Conjuration                  2
   c - Dazzling Spray                 Conjuration/Hexes            3
   d - Fulminant Prism                Conjuration/Hexes            4
   e - Force Lance                    Conjuration/Translocation    4
   f - Iskenderun's Mystic Blast      Conjuration                  4
 L - a book of Maledictions

   Spells                             Type                      Level
   a - Corona                         Hexes                        1
   b - Ensorcelled Hibernation        Hexes/Ice                    2
   c - Confuse                        Hexes                        3
   d - Tukima's Dance                 Hexes                        3
   e - Dazzling Spray                 Conjuration/Hexes            3
 Q - a book of Frost

   Spells                             Type                      Level
   a - Freeze                         Ice                          1
   b - Throw Frost                    Conjuration/Ice              2
   c - Ozocubu's Armour               Charms/Ice                   3
   d - Throw Icicle                   Conjuration/Ice              4
   e - Summon Ice Beast               Ice/Summoning                4
Miscellaneous
 P - a fan of gales (inert)
Comestibles
 f - 15 rations


   Skills:
 + Level 6.1 Fighting
 + Level 6.0 Short Blades
 * Level 5.1 Maces & Flails
 + Level 6.1 Throwing
 + Level 5.8 Dodging
 * Level 12.7 Stealth
 + Level 2.3 Shields
 + Level 4.9 Spellcasting
 + Level 3.2 Hexes
 + Level 3.2 Ice Magic
 + Level 3.6 Evocations


You had 17 spell levels left.
You knew the following spells:

 Your Spells              Type           Power        Failure   Level  Hunger
a - Ensorcelled Hibernat  Hex/Ice        ##....       82%         2    ##.....


Dungeon Overview and Level Annotations

Branches:
Dungeon (11/15)            Temple (0/1) D:6            Lair (0/6) D:11
    Orc (0/2) D:9

Altars:
Dithmenos
Gozag
Nemelex Xobeh
Okawaru
Sif Muna
Trog
Uskayaw
Xom
Yredelemnul

Shops:
D:6 (   D:7 [!=[:

Annotations:
D:6 maximusg's ghost, novice MiBe


Innate Abilities, Weirdness & Mutations

You cannot wear most types of armour.
You are very stealthy in the water. (Stealth+)
You are amphibious.
You can wear up to eight rings at the same time.
You can use your tentacles to constrict eight enemies at once.
Your skin changes colour to match your surroundings (Stealth+).
Your rubbery body absorbs attacks. (AC +1, EV +1)
You have a pair of small antennae on your head.
You are partially covered in molten scales. (AC +2)


Message History

The seven-headed hydra bites you but does no damage.
You barely miss the seven-headed hydra. You squeeze the seven-headed hydra.
The seven-headed hydra is heavily wounded.
You block the seven-headed hydra's attack.
The seven-headed hydra bites you.
The seven-headed hydra completely misses you.
You block the seven-headed hydra's attack.
The seven-headed hydra bites you. The seven-headed hydra bites you!
The seven-headed hydra bites you but does no damage.
You hit the seven-headed hydra.
The seven-headed hydra is heavily wounded.
The seven-headed hydra barely misses you.
The seven-headed hydra bites you!
* * * LOW HITPOINT WARNING * * *
The seven-headed hydra bites you.
* * * LOW HITPOINT WARNING * * *
You block the seven-headed hydra's attack. x2
The seven-headed hydra bites you!
You die...
Your body crumbles into a pile of gold.

. ############### '###
#...##.#..#..<###...#
.....................
.....................
................$o...
....##...##....# ##
....##...##..$.####..####
.....#......$.$D@.$......
.....#.....$$..$.........
.....#.....$$.$..........
######...##...##.########
##..##...##...####
..<.......#.....
..........#......
..........#.......
..........#.......


You could see a seven-headed hydra.

Vanquished Creatures
  Pikel (D:4)
  An ugly thing (D:11)
  Joseph (D:7)
  A gargoyle (D:11)
  Grinder (D:6)
  A hippogriff (D:7)
  A wraith (D:10)
  2 wyverns (D:10)
  A vampire (D:10)
  Eustachio (D:4)
  Grum (D:9)
  A hungry ghost (D:8)
  Menkaure (D:5)
  A soldier ant (D:11)
  A water moccasin (D:10)
  Duvessa (D:7)
  2 hell hounds (D:11)
  3 orc warriors
  4 ice beasts
  2 ogres
  3 phantoms
  3 sky beasts
  3 wolves (D:9)
  A centaur (D:10)
  3 big kobolds
  7 bullfrogs
  A gnoll sergeant (D:8)
  Dowan (D:7)
  A wyvern skeleton (D:7)
  2 scorpions
  23 killer bees
  3 howler monkeys
  A bullfrog zombie (D:9)
  5 crimson imps
  2 quasits
  A centaur zombie (D:10)
  11 orc wizards
  2 bullfrog skeletons
  8 orc priests
  4 hounds
  3 jellies
  4 centaur skeletons
  3 iguanas
  Natasha (thrice) (D:3)
  6 worker ants
  A hound zombie (D:4)
  A hound skeleton (D:11)
  5 gnolls (D:8)
  10 adders
  A shadow imp (D:8)
  2 oozes
  3 worms
  2 dart slugs
  6 leopard geckos
  41 orcs
  A ball python (D:2)
  A bat (D:1)
  5 giant cockroaches
  4 hobgoblins
  4 jackals (D:10)
  2 quokkas
  5 frilled lizards
  15 kobolds
  A leopard gecko zombie (D:9)
  A quokka skeleton (D:9)
  4 rats
247 creatures vanquished.

Vanquished Creatures (others)
  A slave (D:4)
  A hound (D:4)
  An iguana (D:4)
  2 orcs (D:4)
  2 jackals (D:4)
  A quokka (D:4)
8 creatures vanquished.

Grand Total: 255 creatures vanquished

Notes
Turn   | Place    | Note
-------+----------+-------------------------------------------
     0 | D:1      | suicidejoker the Octopode Assassin began the quest for the Orb.
     0 | D:1      | Reached XP level 1. HP: 14/14 MP: 1/1
   308 | D:1      | Reached XP level 2. HP: 18/19 MP: 2/2
  1193 | D:2      | Reached XP level 3. HP: 24/24 MP: 3/3
  1422 | D:2      | Reached skill level 6 in Stealth
  1433 | D:2      | Found a sparkling altar of Nemelex Xobeh.
  1797 | D:2      | Reached XP level 4. HP: 30/30 MP: 5/5
  2121 | D:3      | Reached skill level 1 in Spellcasting
  2159 | D:3      | Noticed Natasha
  2166 | D:3      | Killed Natasha
  2191 | D:3      | Noticed Natasha
  2198 | D:3      | Killed Natasha
  2198 | D:3      | Reached XP level 5. HP: 29/35 MP: 6/6
  2317 | D:3      | Noticed Natasha
  2321 | D:3      | Killed Natasha
  2473 | D:3      | Found a bloodstained altar of Trog.
  2473 | D:3      | Found an iron altar of Okawaru.
  2758 | D:4      | Noticed a slave
  2759 | D:4      | Noticed Pikel
  2759 | D:4      | Noticed a slave
  2760 | D:4      | Noticed a slave
  2760 | D:4      | Noticed a slave
  2767 | D:4      | Reached skill level 7 in Stealth
  2798 | D:4      | Killed Pikel
  2798 | D:4      | Reached skill level 8 in Stealth
  2798 | D:4      | Reached XP level 6. HP: 21/42 MP: 7/9
  2798 | D:4      | Reached XP level 7. HP: 23/46 MP: 7/10
  3490 | D:4      | Noticed Eustachio
  3503 | D:4      | Killed Eustachio
  3503 | D:4      | Reached XP level 8. HP: 47/54 MP: 10/12
  3567 | D:4      | Found a sparkling altar of Nemelex Xobeh.
  3580 | D:4      | Reached skill level 9 in Stealth
  3731 | D:5      | Entered Level 5 of the Dungeon
  3735 | D:5      | Noticed Menkaure
  3740 | D:5      | Killed Menkaure
  4647 | D:5      | Found a shadowy altar of Dithmenos.
  4871 | D:5      | Reached skill level 10 in Stealth
  5007 | D:6      | Noticed Grinder
  5012 | D:6      | Killed Grinder
  5012 | D:6      | Reached XP level 9. HP: 59/59 MP: 14/14
  5038 | D:6      | Found an opulent altar of Gozag.
  5392 | D:6      | Became a worshipper of Gozag Ym Sagoz the Greedy
  5532 | D:6      | Noticed maximusg's ghost (novice MiBe)
  5565 | D:6      | Found a staircase to the Ecumenical Temple.
  5629 | D:6      | Found Oclunol's Weapon Shoppe.
  5880 | D:6      | Found a basalt altar of Yredelemnul.
  6246 | D:7      | Found Goecriyd's Jewellery Boutique.
  6326 | D:7      | Reached skill level 1 in Maces & Flails
  6326 | D:7      | Reached skill level 5 in Throwing
  6744 | D:7      | Found Piggial's Book Emporium.
  6872 | D:7      | Bought a book of Maledictions for 375 gold pieces
  6875 | D:7      | Learned a level 2 spell: Ensorcelled Hibernation
  6879 | D:7      | Found Oskuokh's Antique Armour Shoppe.
  6889 | D:7      | Noticed Joseph
  6904 | D:7      | Killed Joseph
  6904 | D:7      | Reached skill level 5 in Fighting
  6904 | D:7      | Reached skill level 5 in Short Blades
  6904 | D:7      | Reached skill level 1 in Evocations
  7186 | D:7      | Found Wapa's Distillery.
  7299 | D:7      | Found Ykkeodgh's Antique Armour Shoppe.
  7314 | D:7      | Noticed Duvessa
  7314 | D:7      | Noticed Dowan
  7324 | D:7      | Killed Duvessa
  7324 | D:7      | Reached skill level 11 in Stealth
  7324 | D:7      | Reached skill level 1 in Hexes
  7330 | D:7      | Killed Dowan
  7330 | D:7      | Reached skill level 1 in Ice Magic
  7399 | D:7      | Found a shadowy altar of Dithmenos.
  7509 | D:8      | Gained mutation: You possess an exceptional clarity of mind. [potion of mutation]
  7509 | D:8      | Gained mutation: Your magical capacity is low. (-10% MP) [potion of mutation]
  7509 | D:8      | Gained mutation: Your mind is acute. (Int +2) [potion of mutation]
  7563 | D:8      | Reached XP level 10. HP: 28/66 MP: 14/14
  8106 | D:8      | Got a wavering brass ring
  8255 | D:8      | Found a shimmering altar of Xom.
  8720 | D:8      | Reached skill level 5 in Dodging
  9136 | D:9      | Found a staircase to the Orcish Mines.
  9347 | D:9      | Identified the ring "Iruoxtep" {rElec Str+2 SInv} (You took it off an orc wizard on level 8 of the Dungeon)
  9382 | D:9      | Found a deep blue altar of Sif Muna.
  9382 | D:9      | Found a hide-covered altar of Uskayaw.
  9699 | D:9      | Lost mutation: You possess an exceptional clarity of mind. [potion of mutation]
  9699 | D:9      | Lost mutation: Your mind is acute. (Int +2) [potion of mutation]
  9699 | D:9      | Lost mutation: Your magical capacity is low. (-10% MP) [potion of mutation]
  9699 | D:9      | Gained mutation: You have a pair of small antennae on your head. [potion of mutation]
  9699 | D:9      | Gained mutation: You are partially covered in molten scales. (AC +2) [potion of mutation]
  9815 | D:9      | Noticed Grum
  9838 | D:9      | Killed Grum
 10090 | D:7      | Bought a glowing large shield for 240 gold pieces
 10156 | D:10     | Entered Level 10 of the Dungeon
 10232 | D:10     | Reached skill level 1 in Shields
 10578 | D:10     | Reached skill level 12 in Stealth
 10950 | D:10     | Reached XP level 11. HP: 68/72 MP: 18/18
 11702 | D:11     | Noticed a brown ugly thing
 11711 | D:11     | Killed a brown ugly thing
 11718 | D:11     | Reached skill level 5 in Maces & Flails
 11769 | D:11     | Found a staircase to the Lair.
 12074 | D:11     | Noticed a seven-headed hydra
 12084 | D:11     | Slain by a seven-headed hydra

Skill      XL: |  1  2  3  4  5  6  7  8  9 10 11 |
---------------+----------------------------------+-----
Stealth        | 6 8 10 11 12 | 12.7
Spellcasting   | 1 2 3 4 |  4.9
Dodging        | 2 3 4 5 |  5.8
Fighting       | 3 4 5 6 |  6.1
Short Blades   | 3 4 5 6 |  6.0
Throwing       | 3 4 5 6 |  6.1
Maces & Flails | 2 4 5 |  5.1
Evocations     | 2 3 |  3.6
Hexes          | 1 2 3 |  3.2
Ice Magic      | 1 2 3 |  3.2
Shields        | 1 2 |  2.3

Action                   |  1- 3 |  4- 6 |  7- 9 | 10-12 || total
-------------------------+-------+-------+-------+-------++-------
Melee: Dagger            |    44 |    66 |   219 |   397 ||   726
       Constrict         |     8 |    11 |    36 |    64 ||   119
       Tentacles         |     6 |    18 |    47 |    98 ||   169
       Unarmed           |       |       |     4 |       ||     4
Throw: Stone             |       |       |       |    63 ||    63
 Cast: Ensorcelled Hiber |       |       |       |     2 ||     2
Invok: Potion Petition   |       |       |     1 |       ||     1
Evoke: Wand              |       |     2 |    17 |    57 ||    76
       Fan of gales      |       |       |       |     1 ||     1
  Use: Potion            |       |     7 |     8 |     5 ||    20
       Scroll            |       |       |    10 |     2 ||    12
 Stab: Sleeping          |    14 |     3 |    21 |    11 ||    49
       Distracted        |     1 |       |       |     6 ||     7
       Confused          |       |       |     2 |     2 ||     4
       Paralysed         |       |       |       |     9 ||     9
  Eat: Chunk             |     2 |     3 |     6 |       ||    11
       Ration            |       |       |     3 |     5 ||     8
Armor: Skin              |     1 |    12 |    56 |   120 ||   189
Dodge: Dodged            |    14 |    31 |   121 |   213 ||   379
Block: Large shield      |       |       |       |   156 ||   156
       Shield            |       |       |       |    30 ||    30
